 Dungeon Crawl Stone Soup version 0.26.1-11-gd32895ea62 (webtiles) character file.

Game seed: 15079208578570727474

70 mankey1987 the Skirmisher (level 4, 0/72 HPs)
             Began as an Ogre Berserker on May 30, 2021.
             Was a Believer of Trog.
             Slain by a goblin (3 damage)
             ... on level 3 of the Dungeon.
             The game lasted 00:02:59 (2916 turns).

mankey1987 the Skirmisher (Ogre Berserker)          Turns: 2916, Time: 00:03:00

Health: 0/72       AC:  3    Str: 21    XL:     4   Next: 22%
Magic:  4/4        EV: 11    Int:  8    God:    Trog [**....]
Gold:   73         SH:  5    Dex:  9    Spells: 3/3 levels left

rFire    . . .     SeeInvis .   a - +0 mace
rCold    . . .     Faith    .   (no shield)
rNeg     . . .     Spirit   .   b - +0 animal skin
rPois    +         Reflect  +   (helmet restricted)
rElec    .         Harm     .   (no cloak)
rCorr    .         Rampage  .   (gloves unavailable)
Will     .....                  (boots unavailable)
Stlth    ..........             f - amulet of reflection
HPRegen  0.22/turn              e - ring of flight
MPRegen  0.09/turn              i - ring of poison resistance

@: berserking, very quick
A: large, unfitting armour, tough skin 1
a: Renounce Religion, Evoke Flight, Berserk, Trog's Hand


You were on level 3 of the Dungeon.
You worshipped Trog.
Trog was pleased with you.
You visited 1 branch of the dungeon, and saw 3 of its levels.

You collected 73 gold pieces.

Inventory:

Hand Weapons
 a - a +0 mace (weapon)
Armour
 b - a +0 animal skin (worn)
Jewellery
 e - a ring of flight (left hand)
 f - an amulet of reflection (around neck)
 i - a ring of poison resistance (right hand)
 p - a +4 ring of evasion {unknown}
Scrolls
 c - a scroll of immolation {unknown}
 h - a scroll of amnesia {unknown}
 j - 2 scrolls of remove curse {unknown}
 l - a scroll of enchant armour {unknown}
 m - 2 scrolls of identify {unknown}
 n - a scroll of teleportation {unknown}
Potions
 d - 2 potions of magic {unknown}
 g - 2 potions of curing {unknown}
 k - a potion of attraction {unknown}
 o - 3 potions of flight {unknown}
 q - a potion of heal wounds {unknown}


   Skills:
 - Level 4.3 Fighting
 - Level 2.9 Maces & Flails
 + Level 4.2 Dodging


You had 3 spell levels left.
You didn't know any spells.
Your spell library was empty.

Dungeon Overview and Level Annotations

Branches:
Dungeon (3/15)

Altars:
Yredelemnul


Innate Abilities, Weirdness & Mutations

You are too large for most types of armour.
You have tough skin. (AC +1)


Message History

You barely miss the bullfrog.
The bullfrog is moderately wounded.
You block the bullfrog's attack. The kobold barely misses you.
The goblin barely misses you. You block the bullfrog's attack.
You barely miss the bullfrog.
The bullfrog is moderately wounded.
The bullfrog hits you but does no damage.
The kobold hits you.
* * * LOW HITPOINT WARNING * * *
You barely miss the bullfrog.
The bullfrog is moderately wounded.
The goblin closely misses you. The bullfrog hits you.
* * * LOW HITPOINT WARNING * * *
The kobold hits you but does no damage.
You closely miss the bullfrog.
The bullfrog is moderately wounded.
The bullfrog hits you.
* * * LOW HITPOINT WARNING * * *
The goblin hits you.
You die...

.. .# #.#.##
#...(# #....#
#.>..# #....#
#####.Kg.#
#....)@..#
#.###.F!.#
###. #((..#
....###.#####
#.........(.#
#.#.........#
.#.........#
.....[......#
.##..[......#


You could see a bullfrog, a goblin and a kobold.

Vanquished Creatures
  An ooze (D:1)
  A worm (D:2)
  2 dart slugs (D:2)
  2 leopard geckos (D:1)
  2 orcs
  9 bats
  3 giant cockroaches (D:2)
  5 goblins
  7 hobgoblins
  A quokka (D:2)
  A ball python (D:1)
  3 frilled lizards
  2 gnoll zombies (D:2)
  8 kobolds
  5 rats
52 creatures vanquished.

Notes
Turn   | Place    | Note
-------+----------+-------------------------------------------
     0 | D:1      | mankey1987 the Ogre Berserker began the quest for the Orb.
     0 | D:1      | Reached XP level 1. HP: 24/24 MP: 1/1
    72 | D:1      | Reached XP level 2. HP: 21/32 MP: 2/2
    78 | D:1      | You fall into a shaft and drop 1 floor!
    92 | D:2      | HP: 1/32 [quokka (4)]
   956 | D:2      | Found a basalt altar of Yredelemnul.
  1191 | D:2      | Reached XP level 3. HP: 26/39 MP: 3/3
  1712 | D:2      | Reached ** piety under Trog
  2169 | D:1      | Reached XP level 4. HP: 47/48 MP: 4/4
  2883 | D:3      | Noticed a bullfrog
  2916 | D:3      | HP: 3/72 [bullfrog (5)]
  2916 | D:3      | Slain by a goblin

Illustrated notes

Levels and vault maps discovered:
D:1:      minmay_arrival_semitransparent, layout_basic, feat_on_display
D:2:      layout_basic, lemuel_zombie_altar_yredelemnul
D:3:      layout_rooms, tso_oasis_becter

Skill      XL: |  1  2  3 |
---------------+----------+-----
Dodging        | 3 4 |  4.2
Fighting       | |  4.3
Maces & Flails | |  2.9

Action                   |  1- 3 |  4- 6 || total
-------------------------+-------+-------++-------
Melee: Mace              |   131 |    49 ||   180
Invok: Berserk           |     2 |     1 ||     3
Armor: Animal skin       |    41 |    12 ||    53
Dodge: Dodged            |    86 |    41 ||   127
Block: Other             |    35 |    28 ||    63
       Reflection        |     3 |     1 ||     4
